 Dungeon Crawl Stone Soup version 0.25-a0-424-g80bd347ae0 (webtiles) character file.

Game seed: 12917956852530584144, levelgen mode: deterministic

809 ChaosChampion the Conjurer (level 7, -2/47 HPs)
             Began as a Demonspawn Conjurer on Jan 21, 2020.
             Was an Initiate of Vehumet.
             Killed by divine providence
             ... invoked by an orc priest
              (13 damage)
             ... on level 6 of the Dungeon.
             The game lasted 00:14:49 (5027 turns).

ChaosChampion the Conjurer (Demonspawn Conjurer)    Turns: 5027, Time: 00:14:53

Health: -2/47      AC: 11    Str:  8    XL:     7   Next: 61%
Magic:  0/15       EV: 12    Int: 19    God:    Vehumet [......]
Gold:   115        SH:  0    Dex: 13    Spells: 5/16 levels left

rFire    + . .     SeeInvis +   (no weapon)
rCold    . . .     Gourm    .   (no shield)
rNeg     . . .     Faith    .   v - +4 robe of Mutualism {rElec rPois rF+ SInv}
rPois    +         Spirit   .   (no helmet)
rElec    +         Reflect  .   (no cloak)
rCorr    .         Harm     .   l - +2 pair of gloves
MR       .....                  (no boots)
Stlth    ++........             (no amulet)
HPRegen  1.15/turn              i - ring of wizardry
MPRegen  0.14/turn              (no ring)

@: no status effects
A: claws 1, thin metallic scales 1, powered by death 2, rot immunity
a: Renounce Religion


You were on level 6 of the Dungeon.
You worshipped Vehumet.
Vehumet was noncommittal.
You were not hungry.

You visited 2 branches of the dungeon, and saw 7 of its levels.

You collected 274 gold pieces.
You spent 159 gold pieces at shops.

Inventory:

Hand Weapons
 s - a +2 antimagic dagger
Missiles
 k - 128 arrows
 p - 4 boomerangs of dispersal (quivered)
Armour
 l - a +2 pair of gloves (worn)
 v - the +4 robe of Mutualism (worn) {rElec rPois rF+ SInv}
   (You bought it in a shop on level 4 of the Dungeon)

   It protects you from fire.
   It insulates you from electricity.
   It protects you from poison.
   It lets you see invisible.
 x - a +0 pair of gloves
Jewellery
 i - a ring of wizardry (left hand)
Wands
 u - a wand of paralysis (5)
Scrolls
 b - 2 scrolls of amnesia {unknown}
 e - 5 scrolls of remove curse {unknown}
 f - 11 scrolls of identify {unknown}
 g - 2 scrolls of teleportation {unknown}
 m - a scroll of noise {unknown}
 n - 5 scrolls of enchant armour {unknown}
 t - a scroll of fog {unknown}
 w - a scroll of magic mapping {unknown}
Potions
 a - a potion of haste {unknown}
 d - 2 potions of brilliance {unknown}
 h - a potion of invisibility {unknown}
 j - 3 potions of might {unknown}
 o - 4 potions of curing {unknown}
 q - 2 potions of heal wounds {unknown}
 r - a potion of mutation {unknown}
Comestibles
 c - 17 rations
 z - 3 chunks of flesh


   Skills:
 + Level 0.7 Fighting
 + Level 2.1 Dodging
 + Level 2.1 Stealth
 + Level 0.8 Unarmed Combat
 * Level 5.4 Spellcasting
 * Level 7.0 Conjurations
 + Level 0.5 Hexes
 + Level 0.5 Air Magic


You had 5 spell levels left.
You knew the following spells:

 Your Spells              Type           Power        Failure   Level  Hunger
a - Magic Dart            Conj           ####         1%          1    None
b - Searing Ray           Conj           ####..       1%          2    None
c - Tukima's Dance        Hex            #.......     12%         3    ##.....
d - Lightning Bolt        Conj/Air       ###.......   26%         5    #####..

Your spell library contained the following spells:

 Spells                   Type           Power        Failure   Level  Hunger
 Shock                    Conj/Air       ###.         1%          1    None
 Dazzling Flash           Conj/Hex       ###...       3%          3    ##.....
 Static Discharge         Conj/Air       ###.....     3%          3    ##.....
 Corona                   Hex            #......      4%          1    None
 Ensorcelled Hibernation  Hex/Ice        #.....       6%          2    None
 Swiftness                Chrm/Air       #.......     6%          2    None
 Fulminant Prism          Conj/Hex       ###.......   11%         4    ####...
 Confusing Touch          Hex            #.......     12%         3    ##.....
 Iskenderun's Mystic Bla  Conj/Tloc      ###.....     12%         4    ####...
 Airstrike                Air            #.........   34%         4    ####...


Dungeon Overview and Level Annotations

Branches:
Dungeon (6/15)             Temple (1/1) D:4

Altars:
Ashenzari
Cheibriados
Dithmenos
Elyvilon
Fedhas
Gozag
Hepliaklqana
Kikubaaqudgha
Makhleb
Nemelex Xobeh
Okawaru
Qazlal
Ru
Trog
Uskayaw
Vehumet
Wu Jian
Xom

Shops:
D:4 [


Innate Abilities, Weirdness & Mutations

You have sharp fingernails.
You are partially covered in thin metallic scales. (AC +2)
You regenerate health from kills.
You are immune to rotting.


Message History

Aim: a sky beast The searing ray hits the sky beast.
The sky beast is moderately wounded. (Press . to maintain the ray.)
The orc warrior barely misses you.
The searing ray hits the sky beast.
The sky beast is moderately wounded.
The sky beast barely misses you. The orc warrior misses you.
The searing ray hits the sky beast.
The sky beast is heavily wounded.
The sky beast hits you. The sky beast shocks you. You resist.
The orc priest mumbles some strange prayers to Beogh against you.
Beogh smites you!
Without enough magic to sustain it, your searing ray dissipates.
The sky beast misses you.
The orc warrior hits you from afar with a +0 halberd!!
* * * LOW HITPOINT WARNING * * *
The orc priest mumbles some strange prayers to Beogh against you.
Beogh smites you!
You die...

###.##.#..[?
#######.##.#
...
#......... .
# ........#
## .......#
#...o.#
#..o..
#..Y.#
#...@#
........#
.........
#.......#.
....#..####
..####. . ..
..


You could see an orc warrior, a sky beast and an orc priest.

Vanquished Creatures
  An ogre (D:5)
  2 phantoms (D:4)
  2 centaurs (D:5)
  A hound (D:5)
  3 orc wizards
  Jessica (D:2)
  An iguana (D:5)
  A worker ant (D:5)
  A worker ant zombie (D:5)
  5 adders
  3 gnolls (D:5)
  A shadow imp (D:5)
  A worm (D:2)
  3 dart slugs
  A leopard gecko (D:1)
  13 orcs
  4 bats
  3 giant cockroaches
  14 hobgoblins
  9 jackals
  3 quokkas
  2 ball pythons
  2 frilled lizards (D:2)
  10 goblins
  12 kobolds
  9 rats
108 creatures vanquished.

Notes
Turn   | Place    | Note
-------+----------+-------------------------------------------
     0 | D:1      | ChaosChampion the Demonspawn Conjurer began the quest for
                  | the Orb.
     0 | D:1      | Reached XP level 1. HP: 13/13 MP: 3/3
   209 | D:1      | Gained mutation: You are immune to rotting. [demonic
                  | ancestry]
   209 | D:1      | Reached XP level 2. HP: 16/19 MP: 1/5
   748 | D:1      | Reached XP level 3. HP: 24/24 MP: 1/6
  1263 | D:2      | Learned a level 2 spell: Searing Ray
  1632 | D:2      | Noticed Jessica
  1635 | D:2      | Killed Jessica
  1635 | D:2      | Reached skill level 5 in Conjurations
  1635 | D:2      | Gained mutation: You are partially covered in thin metallic
                  | scales. (AC +2) [demonic ancestry]
  1635 | D:2      | Reached XP level 4. HP: 30/30 MP: 4/8
  1981 | D:2      | Found an iron altar of Okawaru.
  2228 | D:3      | Gained mutation: You regenerate a little health from kills.
                  | [demonic ancestry]
  2228 | D:3      | Reached XP level 5. HP: 35/35 MP: 5/10
  2491 | D:3      | Found a white marble altar of Elyvilon.
  2958 | D:3      | Found a sparkling altar of Nemelex Xobeh.
  3194 | D:4      | Found a hide-covered altar of Uskayaw.
  3223 | D:4      | Found a staircase to the Ecumenical Temple.
  3240 | D:4      | Noticed a phantom
  3249 | Temple   | Entered the Ecumenical Temple
  3407 | Temple   | Became a worshipper of Vehumet
  3524 | D:4      | Killed a phantom
  3524 | D:4      | Reached skill level 6 in Conjurations
  3524 | D:4      | Gained mutation: You regenerate health from kills. [demonic
                  | ancestry]
  3524 | D:4      | Reached XP level 6. HP: 30/41 MP: 1/12
  3546 | D:4      | Found a stormy altar of Qazlal.
  3552 | D:4      | Found a blossoming altar of Fedhas.
  3552 | D:4      | Found an ornate altar of the Wu Jian Council.
  3554 | D:4      | Found a hazy altar of Hepliaklqana.
  3554 | D:4      | Found a shimmering altar of Xom.
  3554 | D:4      | Found a burning altar of Makhleb.
  3675 | D:4      | Found Moloexir's Antique Armour Shoppe.
  3679 | D:4      | Bought an ichor-stained robe for 159 gold pieces
  3691 | D:4      | Identified the +4 robe of Mutualism {rElec rPois rF+ SInv}
                  | (You bought it in a shop on level 4 of the Dungeon)
  4091 | D:5      | Entered Level 5 of the Dungeon
  4098 | D:5      | Reached skill level 5 in Spellcasting
  4267 | D:5      | Gained mutation: You have sharp fingernails. [demonic
                  | ancestry]
  4267 | D:5      | Reached XP level 7. HP: 46/46 MP: 10/14
  4592 | D:5      | Learned a level 3 spell: Tukima's Dance
  4786 | D:5      | Learned a level 5 spell: Lightning Bolt
  4883 | D:5      | Reached skill level 7 in Conjurations
  5027 | D:6      | Killed from afar by an orc priest

Levels and vault maps discovered:
D:1:      lightli_arrival_flooded_house, layout_loops_ring,
          supply_closet_lemuel, minivault_19
D:2:      cheibrodos_helix_gallery, layout_basic, first_ration,
          okawaru_altar_gauntlet_db, uniq_jessica
D:3:      layout_basic, elyvilon_altar_5, nemelex_diamond_rough_becter
D:4:      layout_basic, eat_drink_and_be_merry_uskayaw, doesnt_xom_only_xom,
          minmay_temple_entry_tees, serial_shops, shop
D:5:      layout_cave_pools
D:6:      layout_rooms, yredelemnul_forgotten_temple_becter,
          lemuel_blue_sif_altar
Temple:   regret_index_temple_generic_petals

Skill      XL: |  1  2  3  4  5  6  7 |
---------------+----------------------+-----
Spellcasting   | 3 4 5 |  5.4
Conjurations   | 5 6 7 |  7.0
Stealth        | 2 |  2.1
Dodging        | 2 |  2.1
Fighting       | |  0.7
Unarmed Combat | |  0.8
Hexes          | |  0.5
Air Magic      | |  0.5

Action                   |  1- 3 |  4- 6 |  7- 9 || total
-------------------------+-------+-------+-------++-------
Melee: Unarmed           |    34 |     3 |       ||    37
 Cast: Magic Dart        |    94 |    43 |    28 ||   165
       Searing Ray       |     3 |    18 |    11 ||    32
  Eat: Chunk             |     3 |     4 |     3 ||    10
       Ration            |       |     1 |       ||     1
Armor: Robe              |    19 |    11 |     3 ||    33
Dodge: Dodged            |    57 |    25 |    12 ||    94

Table legend:
 A = Non-vault XP
 B = Vault XP
 C = Vault XP percentage of total XP
 D = Non-vault monster count
 E = Vault monster count
 F = Vault count percentage of total count
                 A         B        C        D         E       F
            +---------+---------+-------+---------+---------+-------
      Total |    1106 |      51 |   4.4 |      99 |       9 |   8.3
            +---------+---------+-------+---------+---------+-------
        D:1 |      47 |       0 |   0.0 |      27 |       0 |   0.0
        D:2 |      54 |      51 |  48.6 |      22 |       9 |  29.0
        D:3 |     165 |       0 |   0.0 |      24 |       0 |   0.0
        D:4 |     253 |       0 |   0.0 |       3 |       0 |   0.0
        D:5 |     544 |       0 |   0.0 |      19 |       0 |   0.0
        D:6 |      43 |       0 |   0.0 |       4 |       0 |   0.0
            +---------+---------+-------+---------+---------+-------
